 Dungeon Crawl Stone Soup version 0.24.1-8-ga250c9d538 (webtiles) character file.

Game seed: 3736752832768578160, levelgen mode: deterministic

101 Hugehornet the Changer (level 4, -3/28 HPs)
             Began as an Octopode Transmuter on May 3, 2020.
             Slain by a gnoll (5 damage)
             ... on level 2 of the Dungeon.
             The game lasted 00:02:46 (1804 turns).

Hugehornet the Changer (Octopode Transmuter)        Turns: 1804, Time: 00:02:47

Health: -3/28      AC:  2    Str:  9    XL:     4   Next: 75%
Magic:  5/7        EV: 19    Int: 16    God:
Gold:   70         SH:  0    Dex: 17    Spells: 1/7 levels left

rFire    . . .     SeeInvis .     - Unarmed
rCold    . . .     Gourm    .   (shield currently unavailable)
rNeg     . . .     Faith    .   (helmet currently unavailable)
rPois    x         Spirit   .   (no amulet)
rElec    .         Reflect  .   (no ring)
rCorr    .         Harm     .   (no ring)
MR       .....                  (no ring)
Stlth    ++........             (no ring)
HPRegen  0.09/turn              (no ring)
MPRegen  0.10/turn              (no ring)
                                (no ring)
                                (no ring)

@: spider-form (expiring)
A: tiny, almost no armour, stealthy swim, (amphibious), 8 rings, (constrict 8)
a: End Transformation


You were on level 2 of the Dungeon.
You were hungry.
You were a venomous arachnid creature.
You visited 1 branch of the dungeon, and saw 2 of its levels.

You collected 70 gold pieces.

Inventory:

Missiles
 a - 66 arrows
Scrolls
 e - a scroll of remove curse {unknown}
 f - a scroll of enchant armour {unknown}
 g - a scroll of noise {unknown}
Potions
 b - a potion of curing {unknown}
 d - a potion of flight {unknown}
Comestibles
 c - 6 rations


   Skills:
 - Level 1.0 Fighting
 - Level 2.0 Dodging
 - Level 3.0 Unarmed Combat
 - Level 2.0 Spellcasting
 + Level 4.8 Transmutations


You had one spell level left.
You knew the following spells:

 Your Spells              Type           Power        Failure   Level  Hunger
a - Beastly Appendage     Tmut           ###...       10%         1    #......
b - Sticks to Snakes      Tmut           ###.....     13%         2    ###....
c - Spider Form           Tmut/Pois      #.........   45%         3    ###....

Your spell library contained the following spells:

 Spells                   Type           Power        Failure   Level  Hunger
 Ice Form                 Ice/Tmut       #.......     80%         4    #####..
 Blade Hands              Tmut           ###.......   80%         5    ######.


Dungeon Overview and Level Annotations

Branches:
Dungeon (2/15)

Altars:
Ashenzari
Elyvilon
Qazlal
Vehumet


Innate Abilities, Weirdness & Mutations

You cannot wear most types of armour.
You are very stealthy in the water. (Stealth+)
((You are amphibious.))
You can wear up to eight rings at the same time.
((You can use your tentacles to constrict eight enemies at once.))
((Your skin changes colour to match your surroundings (Stealth+).))
((Your rubbery body absorbs attacks. (AC +1, EV +1)))


Message History

You hit the gnoll.
The gnoll looks as sick as possible!
The gnoll is almost dead.
Your transformation is almost over.
The gnoll hits you with a +0 club. The gnoll completely misses you. x2
You hit the gnoll.
You kill the gnoll!
The gnoll hits you. The gnoll barely misses you.
You hit the gnoll.
The gnoll is poisoned.
The gnoll is lightly wounded.
The gnoll closely misses you.
The gnoll hits you from afar with a +0 spear!
You hit the gnoll.
The gnoll is heavily wounded.
The gnoll misses you.
The gnoll hits you from afar with a +0 spear!
* * * LOW HITPOINT WARNING * * *
You hit the gnoll.
The gnoll looks as sick as possible!
The gnoll is almost dead.
The gnoll hits you.
You die...

#.# #.# ######## #.#
#......# #.# #.._...###
#.# ####._8..... #.#
ggg.._...# #.# #.#
#.g....#### #.# #.#
#)g...... #.# #.#
##s##.#### #.# #.#
###....# #.# #.#
#.....## ..#.# #.#
#.###.#....# ...######
#.# #.##.......... ....
..## #.####..)....(....#
#..# #.##
#......##.....##..# #..#
#.## #..###.###....##..#
#..# #...
#....#............###..#
##.##


You could see 2 gnolls.

Vanquished Creatures
  6 gnolls
  2 dart slugs
  A leopard gecko (D:2)
  4 bats
  A giant cockroach (D:1)
  3 goblins
  5 hobgoblins (D:1)
  5 jackals
  A quokka (D:2)
  5 frilled lizards
  4 kobolds
  4 rats
41 creatures vanquished.

Notes
Turn   | Place    | Note
-------+----------+-------------------------------------------
     0 | D:1      | Hugehornet the Octopode Transmuter began the quest for the
                  | Orb.
     0 | D:1      | Reached XP level 1. HP: 13/13 MP: 3/3
   167 | D:1      | Reached XP level 2. HP: 14/18 MP: 3/5
   200 | D:1      | Reached skill level 3 in Transmutations
   876 | D:1      | Found a shattered altar of Ashenzari.
   904 | D:1      | Reached XP level 3. HP: 23/23 MP: 4/6
  1168 | D:1      | Learned a level 2 spell: Sticks to Snakes
  1172 | D:1      | Learned a level 3 spell: Spider Form
  1478 | D:2      | Reached skill level 4 in Transmutations
  1492 | D:2      | Reached XP level 4. HP: 20/28 MP: 0/7
  1787 | D:2      | Found a stormy altar of Qazlal.
  1787 | D:2      | Found a white marble altar of Elyvilon.
  1788 | D:2      | Found a radiant altar of Vehumet.
  1804 | D:2      | Slain by a gnoll

Levels and vault maps discovered:
D:1:      giann_wishing_wells, layout_basic, ashenzari_altar_1
D:2:      layout_loops_ring, chequers_temple_overflow_statue_of_worship,
          nemelex_dance_club_becter

Skill      XL: |  1  2  3 |
---------------+----------+-----
Transmutations | 3 4 |  4.8
Fighting       | |  1.0
Dodging        | |  2.0
Unarmed Combat | |  3.0
Spellcasting   | |  2.0

Action                   |  1- 3 |  4- 6 || total
-------------------------+-------+-------++-------
Melee: Unarmed           |    76 |    23 ||    99
       Constrict         |    24 |       ||    24
       Kick              |    16 |     1 ||    17
       Tentacles         |     8 |     1 ||     9
       Punch             |     1 |       ||     1
 Cast: Beastly Appendage |    19 |     1 ||    20
       Spider Form       |     1 |     1 ||     2
 Stab: Sleeping          |     2 |       ||     2
  Eat: Chunk             |     2 |     1 ||     3
Armor: Skin              |     6 |       ||     6
Dodge: Dodged            |    50 |    26 ||    76
